 Dungeon Crawl Stone Soup version 0.27-a0-1180-g7fc4abc71e (webtiles) character file.

Game seed: 12696591727262238275

21517 ndkqne the Geomancer (level 12, 0/80 HPs)
             Began as a Gargoyle Earth Elementalist on May 17, 2021.
             Was a High Priest of Vehumet.
             Shot with an arrow by Nessos (7 damage)
             ... on level 12 of the Dungeon.
             The game lasted 00:28:02 (15876 turns).

ndkqne the Geomancer (Gargoyle Earth Elementalist) Turns: 15876, Time: 00:28:03

Health: 0/80       AC: 18    Str: 13    XL:     12   Next: 90%
Magic:  21/21      EV: 13    Int: 20    God:    Vehumet [*****.]
Gold:   703        SH:  0    Dex: 10    Spells: 13/27 levels left

rFire    . . .     SeeInvis .   i - +6 dire flail (drain)
rCold    . . .     Faith    .   (shield currently unavailable)
rNeg     + + .     Spirit   .   y - +2 robe {rN+}
rPois    ∞         Reflect  .   (no helmet)
rElec    +         Harm     .   v - +2 cloak
rCorr    .         Rampage  .   u - +1 pair of gloves
Will     .....                  (no boots)
Stlth    ++........             (no amulet)
HPRegen  0.23/turn              f - ring of wizardry
MPRegen  0.17/turn              (no ring)

@: no status effects
A: sickness immunity, AC +8, negative energy resistance 1, electricity
resistance, torment resistance 1, petrification resistance, low mp 1, passive
freeze, robust 1, wild magic 1
a: Renounce Religion


You were on level 12 of the Dungeon.
You worshipped Vehumet.
Vehumet was extremely pleased with you.
You visited 2 branches of the dungeon, and saw 13 of its levels.
You also visited: Ossuary.

You collected 763 gold pieces.
You spent 60 gold pieces at shops.

Inventory:

Hand Weapons
 i - a +6 dire flail of draining (weapon)
Missiles
 b - 345 stones
 c - 2 throwing nets
 x - a curare-tipped dart
Armour
 u - a +1 pair of gloves (worn)
 v - a +2 cloak (worn)
 y - a +2 robe of positive energy (worn)
Jewellery
 f - a ring of wizardry (left hand)
Wands
 a - a wand of digging (11)
 g - a wand of flame (34)
 j - a wand of paralysis (2)
 l - a wand of iceblast (5)
 p - a wand of polymorph (6)
 t - a wand of mindburst (38)
Scrolls
 d - a scroll of amnesia
 e - 6 scrolls of teleportation
 r - 2 scrolls of immolation
 s - 8 scrolls of identify
Potions
 h - a potion of attraction
 k - a potion of ambrosia
 m - 6 potions of heal wounds
 n - a potion of curing
 o - 2 potions of berserk rage
 q - a potion of lignification
 w - 2 potions of haste
 z - a potion of might


   Skills:
 + Level 7.7 Fighting
 + Level 7.0 Maces & Flails
 - Level 6.0 Armour
 + Level 6.0 Dodging
 - Level 2.1 Stealth
 + Level 8.2 Spellcasting
 + Level 9.0 Conjurations
 - Level 0.7 Transmutations
 * Level 3.2 Fire Magic
 + Level 10.7 Earth Magic
 + Level 6.2 Evocations


You had 13 spell levels left.
You knew the following spells:

 Your Spells              Type           Power      Damage    Failure   Level
a - Sandblast             Erth           100%       2d20      1%          1
b - Stone Arrow           Conj/Erth      100%       3d13      1%          3
c - Lee's Rapid Deconstr  Erth           30%        3d17*     1%          5
e - Bolt of Magma         Conj/Fire/Erth 25%        4d12      1%          5

Your spell library contained the following spells:

 Spells                   Type           Power      Damage    Failure   Level
 Freezing Cloud           Conj/Ice/Air   13%        6-21      38%         6
 Foxfire                  Conj/Fire      100%       2x1d9     1%          1
 Shock                    Conj/Air       100%       1d9       1%          1
 Passwall                 Tmut/Erth      33%        N/A       1%          2
 Static Discharge         Conj/Air       34%        N/A       1%          2
 Conjure Flame            Conj/Fire      42%        6-21      1%          3
 Mephitic Cloud           Conj/Pois/Air  26%        N/A       1%          3
 Sticky Flame             Conj/Fire      42%        2d6       1%          4
 Poisonous Vapours        Pois/Air       20%        N/A       2%          2
 Ignite Poison            Fire/Tmut/Pois 17%        N/A       2%          3
 Inner Flame              Hex/Fire       19%        N/A       2%          3
 Fireball                 Conj/Fire      21%        3d10      3%          5
 Sting                    Tmut/Pois      48%        1d5       4%          1
 Petrify                  Tmut/Erth      40%        N/A       4%          4
 Summon Small Mammal      Summ           40%        N/A       5%          1
 Lightning Bolt           Conj/Air       17%        1d31      6%          5
 Call Imp                 Summ           10%        N/A       8%          2
 Airstrike                Air            5%         N/A       12%         4
 Olgreb's Toxic Radiance  Pois           10%        N/A       12%         4
 Call Canine Familiar     Summ           10%        N/A       14%         3
 Confusing Touch          Hex            10%        N/A       14%         3
 Gell's Gravitas          Tloc           5%         N/A       14%         3
 Summon Guardian Golem    Hex/Summ       10%        N/A       14%         3
 Swiftness                Air            10%        N/A       14%         3
 Yara's Violent Unravell  Hex/Tmut       6%         3d5       24%         5
 Summon Ice Beast         Ice/Summ       10%        N/A       38%         4
 Summon Lightning Spire   Summ/Air       10%        N/A       38%         4
 Metabolic Englaciation   Hex/Ice        5%         N/A       71%         5


Dungeon Overview and Level Annotations

Branches:
Dungeon (12/15)            Temple (1/1) D:4            Lair (0/6) D:8
    Orc (0/2) D:10        Ossuary (visited)

Altars:
Ashenzari
Cheibriados
Elyvilon
Fedhas
Gozag
Hepliaklqana
Kikubaaqudgha
Makhleb
Nemelex Xobeh
Okawaru
Qazlal
Ru
Sif Muna
Trog
Uskayaw
Vehumet
Wu Jian
Xom
Yredelemnul
Zin
The Shining One

Shops:
D:3 *

Annotations:
D:5 2 transporters, Renjy's ghost, novice KoGl
D:12 Nessos


Innate Abilities, Weirdness & Mutations

You are immune to sickness and miasma.
Your stone body is resilient. (AC +8)
You are immune to poison.
You resist negative energy. (rN+)
You are resistant to electric shocks. (rElec)
You are resistant to unholy torment.
You are immune to petrification.
Your magical capacity is low. (-10% MP)
A frigid envelope surrounds you and freezes all who hurt you.
You are robust. (+10% HP)
Your spells are a little harder to cast, but a little more powerful.


Message History

Aim: a howler monkey (severely wounded, 68% to hit)
The bolt of magma hits the howler monkey!!
You kill the howler monkey!
Vehumet accepts your kill.
You feel your power returning.
Casting: Bolt of Magma (dangerous; 1% risk of failure)
Confirm with . or Enter, or press ? or * to list all spells.
You don't know that spell.
Unknown command.
Unknown command.
Casting: Bolt of Magma (dangerous; 1% risk of failure)
Confirm with . or Enter, or press ? or * to list all spells.
You don't have enough magic to cast this spell.
Unknown command.
Magic restored.
Nessos the Markscentaur comes into view.
Nessos moves out of view.
Nessos shouts!
Nessos wields a +3 longbow of flaming.
It bursts into flame!
Nessos shoots an arrow.
The arrow hits you!! The arrow burns you!
Nessos shoots an arrow.
The arrow barely misses you.
Nessos casts a spell.
Nessos seems to speed up.
Nessos shoots an arrow.
The arrow hits you! The arrow burns you.
Nessos shoots an arrow.
The arrow hits you!
* * * LOW HITPOINT WARNING * * *
The arrow burns you.
* * * LOW HITPOINT WARNING * * *
Nessos shoots an arrow.
The arrow hits you!
* * * LOW HITPOINT WARNING * * *
The arrow burns you.
* * * LOW HITPOINT WARNING * * *
Okay, then.
Okay, then.
You feel much better.
Nessos shoots an arrow.
The arrow hits you!!
* * * LOW HITPOINT WARNING * * *
The arrow burns you.
* * * LOW HITPOINT WARNING * * *
Nessos shoots an arrow.
The arrow hits you!
You die...

####+##.÷# #####.#
#........##......#
#...........#...
#.........###.########
####....c............#
###.....##.######.#
#....c##.# #.#
#####..#.# #.#
#..@#.#.######.#
#............#.#
#......#####.#.#
#.......# #.#.$
#.......# #.#
###.....# #.# #.....##
#.# ####...# #.#
######..# #.#


You could see Nessos (fast).

Vanquished Creatures
  Rupert (D:12)
  2 two-headed ogres
  Nergalle (D:10)
  A deep elf pyromancer (D:12)
  Pikel (D:6)
  A cyclops (D:11)
  A manticore (D:12)
  A gargoyle (D:11)
  Maurice (D:8)
  2 trolls
  Grinder (D:4)
  A hornet (D:7)
  4 slime creatures (D:12)
  Sigmund (D:3)
  A shadow (D:12)
  5 wyverns
  A wraith (D:9)
  32 yaks
  Eustachio (D:4)
  2 basilisks (D:8)
  A steam dragon (D:7)
  Menkaure (D:6)
  2 vampire mosquitoes (D:12)
  Edmund (D:5)
  2 acid dragons
  A water moccasin (D:9)
  2 swamp drakes
  8 orc warriors
  2 black bears
  An ice beast (D:7)
  A necrophage (D:6)
  3 sky beasts
  2 ogres
  14 centaurs
  A phantom (D:6)
  7 kobold brigands
  Blork the orc (D:5)
  An elf zombie (Ossuary)
  5 bullfrogs
  A gnoll sergeant (D:9)
  4 scorpions
  A water moccasin skeleton (D:5)
  5 wights (D:7)
  4 killer bees (D:10)
  A howler monkey (D:12)
  2 vampire bats (D:7)
  7 electric eels (D:9)
  5 centaur zombies
  3 hounds
  A jelly (D:8)
  Crazy Yiuf (D:2)
  A human zombie (Ossuary)
  10 orc priests
  A bullfrog skeleton (D:5)
  2 gnoll shamans
  An iguana (D:4)
  Natasha (thrice) (D:4)
  10 orc wizards
  3 howler monkey zombies
  3 mummies
  15 gnolls
  A howler monkey skeleton (D:7)
  5 adders
  3 white imps
  2 ufetubi
  2 adder zombies (Ossuary)
  An adder skeleton (D:4)
  3 worms
  2 dart slugs
  44 orcs
  8 ball pythons
  3 bats
  3 bat skeletons (D:7)
  3 bat zombies (D:7)
  9 endoplasms
  2 giant cockroaches
  5 goblins
  6 hobgoblins
  15 jackals
  4 quokkas
  2 frilled lizards
  10 hobgoblin zombies (Ossuary)
  2 jackal zombies (Ossuary)
  36 kobolds
  11 kobold zombies
  8 orc zombies (Ossuary)
  3 rats
  2 rat zombies (Ossuary)
396 creatures vanquished.

Vanquished Creatures (others)
  An orc warrior (D:10)
  An orc (D:10)
  24 plants (D:9)
26 creatures vanquished.

Grand Total: 422 creatures vanquished

Notes
Turn   | Place    | Note
-------+----------+-------------------------------------------
     0 | D:1      | ndkqne the Gargoyle Earth Elementalist began the quest for
                  | the Orb.
     0 | D:1      | Reached XP level 1. HP: 10/10 MP: 3/3
   209 | D:1      | Reached skill level 4 in Earth Magic
   209 | D:1      | Reached XP level 2. HP: 12/15 MP: 5/5
   714 | D:1      | Reached XP level 3. HP: 19/19 MP: 2/6
   718 | D:1      | Learned a level 3 spell: Stone Arrow
  2033 | D:2      | Reached skill level 1 in Conjurations
  2129 | D:2      | Reached XP level 4. HP: 23/24 MP: 8/8
  2384 | D:2      | Found a runed translucent door.
  2385 | D:2      | Noticed Crazy Yiuf
  2391 | D:2      | Killed Crazy Yiuf
  2597 | D:3      | Found Seanav's General Store.
  2604 | D:3      | Bought a scroll of identify for 24 gold pieces
  2604 | D:3      | Bought a scroll of noise for 12 gold pieces
  2604 | D:3      | Bought a scroll of identify for 24 gold pieces
  2693 | D:3      | Found a faded altar of an unknown god.
  2906 | D:3      | Found a burning altar of Makhleb.
  3049 | D:3      | Reached skill level 5 in Earth Magic
  3192 | D:3      | Noticed Sigmund
  3195 | D:3      | Killed Sigmund
  3196 | D:3      | Reached XP level 5. HP: 28/28 MP: 8/10
  3196 | D:3      | Reached XP level 6. HP: 32/32 MP: 8/11
  3227 | D:3      | Learned a level 5 spell: Lee's Rapid Deconstruction
  3717 | D:4      | Noticed Eustachio
  3718 | D:4      | Noticed Natasha
  3748 | D:4      | Killed Natasha
  3757 | D:4      | Killed Eustachio
  3758 | D:4      | Reached skill level 6 in Earth Magic
  3903 | D:4      | Found a staircase to the Ecumenical Temple.
  3927 | Temple   | Entered the Ecumenical Temple
  3948 | Temple   | Became a worshipper of Vehumet
  4003 | D:4      | Reached XP level 7. HP: 36/36 MP: 13/13
  4114 | D:4      | Noticed Natasha
  4129 | D:4      | Killed Natasha
  4394 | D:4      | Noticed Grinder
  4411 | D:4      | Killed Grinder
  4985 | D:4      | Reached skill level 7 in Earth Magic
  5388 | D:4      | Noticed Natasha
  5399 | D:4      | Killed Natasha
  5400 | D:4      | Reached XP level 8. HP: 25/42 MP: 15/15
  5602 | D:5      | Entered Level 5 of the Dungeon
  5604 | D:5      | Found a transporter.
  5604 | D:5      | Noticed Renjy's ghost (novice KoGl)
  5605 | D:5      | Identified the +2 dire flail "Wecoamp" {venom, rC++}
  5611 | D:5      | Reached skill level 5 in Spellcasting
  5612 | D:5      | Reached skill level 1 in Fighting
  5734 | D:5      | Reached skill level 1 in Maces & Flails
  5831 | D:5      | Reached skill level 1 in Armour
  5831 | D:5      | Reached skill level 1 in Evocations
  5867 | D:5      | Reached skill level 5 in Conjurations
  6081 | D:5      | Noticed Edmund
  6104 | D:5      | Killed Edmund
  6377 | D:5      | Reached * piety under Vehumet
  6377 | D:5      | Offered knowledge of Foxfire by Vehumet.
  6811 | D:5      | Noticed Blork the orc
  6828 | D:5      | Killed Blork the orc
  6829 | D:5      | Reached XP level 9. HP: 16/49 MP: 2/17
  7191 | D:5      | Found a transporter.
  7382 | D:6      | Noticed Pikel
  7412 | D:6      | Killed Pikel
  7523 | D:6      | Noticed a two-headed ogre
  7529 | D:6      | Killed a two-headed ogre
  7530 | D:6      | Reached skill level 8 in Earth Magic
  7688 | D:6      | Found an opulent altar of Gozag.
  7773 | D:6      | Found a hazy altar of Hepliaklqana.
  7794 | D:6      | Noticed Menkaure
  7796 | D:6      | Killed Menkaure
  7796 | D:6      | Reached ** piety under Vehumet
  7824 | D:6      | Offered knowledge of Magic Dart by Vehumet.
  7825 | D:6      | Reached XP level 10. HP: 34/56 MP: 17/19
  8095 | D:6      | Found an iron altar of Okawaru.
  8442 | D:7      | Offered knowledge of Searing Ray by Vehumet.
  8511 | D:7      | Found a sand-covered staircase.
  8516 | Ossuary  | Entered an ossuary
  8812 | Ossuary  | Reached *** piety under Vehumet
  8900 | Ossuary  | Offered knowledge of Fulminant Prism by Vehumet.
  9000 | Ossuary  | Gained mutation: Potions are less effective at restoring
                  | your health. [potion of mutation]
  9000 | Ossuary  | Gained mutation: You are clumsy. (Dex -2) [potion of
                  | mutation]
  9000 | Ossuary  | Gained mutation: A frigid envelope surrounds you and
                  | freezes all who hurt you. [potion of mutation]
  9023 | Ossuary  | Lost mutation: You are clumsy. (Dex -2) [potion of
                  | mutation]
  9023 | Ossuary  | Lost mutation: Potions are less effective at restoring your
                  | health. [potion of mutation]
  9023 | Ossuary  | Gained mutation: Your magical capacity is low. (-10% MP)
                  | [potion of mutation]
  9023 | Ossuary  | Gained mutation: Your spells are a little harder to cast,
                  | but a little more powerful. [potion of mutation]
  9023 | Ossuary  | Gained mutation: You are robust. (+10% HP) [potion of
                  | mutation]
  9058 | D:7      | Reached **** piety under Vehumet
  9726 | D:7      | Offered knowledge of Iskenderun's Battlesphere by Vehumet.
  9742 | D:7      | Found an ancient bone altar of Kikubaaqudgha.
  9867 | D:8      | Reached skill level 5 in Fighting
  9883 | D:8      | Reached skill level 9 in Earth Magic
 10023 | D:8      | Reached skill level 5 in Armour
 10325 | D:8      | Reached ***** piety under Vehumet
 10343 | D:8      | Noticed Maurice
 10360 | D:8      | Reached XP level 11. HP: 70/70 MP: 19/19
 10363 | D:8      | Killed Maurice
 10363 | D:8      | Offered knowledge of Bolt of Magma by Vehumet.
 10364 | D:8      | Reached skill level 5 in Maces & Flails
 10563 | D:8      | Found a staircase to the Lair.
 10786 | D:8      | Found a snail-covered altar of Cheibriados.
 10790 | D:8      | Found a basalt altar of Yredelemnul.
 10987 | D:9      | Found a hide-covered altar of Uskayaw.
 12363 | D:10     | Entered Level 10 of the Dungeon
 12480 | D:10     | Reached skill level 5 in Evocations
 12702 | D:10     | Reached skill level 5 in Dodging
 12739 | D:10     | Noticed a two-headed ogre
 12743 | D:10     | Killed a two-headed ogre
 12785 | D:10     | Found a stormy altar of Qazlal.
 13182 | D:10     | Found a staircase to the Orcish Mines.
 13388 | D:10     | Noticed Nergalle
 13392 | D:10     | Killed Nergalle
 13393 | D:10     | Reached skill level 10 in Earth Magic
 13393 | D:10     | Reached XP level 12. HP: 78/78 MP: 19/20
 14596 | D:11     | Learned a level 5 spell: Bolt of Magma
 14910 | D:11     | Offered knowledge of Freezing Cloud by Vehumet.
 14919 | D:11     | Reached skill level 1 in Fire Magic
 15476 | D:12     | Noticed Rupert
 15731 | D:12     | Paralysed by Rupert for 3 turns
 15741 | D:12     | Killed Rupert
 15870 | D:12     | Noticed Nessos
 15875 | D:12     | HP: 3/80 [Nessos/arrow (11)]
 15875 | D:12     | HP: 1/80 [Nessos/arrow (2)]
 15876 | D:12     | Shot with an arrow by Nessos

Illustrated notes

Levels and vault maps discovered:
D:1:      dpeg_arrival_more_subterranean_lakeside_camping, layout_basic,
          minmay_split_cup_small
D:2:      layout_loops_ring, uniq_crazy_yiuf_cottage
D:3:      layout_basic, marbit_many_paths, serial_shops, shop,
          hellmonk_ecumenical_altar_inner_sanctum,
          minmay_misc_feat_secret_circle, uniq_sigmund
D:4:      layout_basic, minmay_temple_entry_butterflies, uniq_natasha,
          uniq_grinder, uniq_eustachio
D:5:      layout_gridville, gammafunk_ghost_smash,
          cheibrodos_sewer_entry_sluice, uniq_blork_the_orc, uniq_edmund
D:6:      layout_cave_pools, okawaru_altar_gauntlet_db, grunt_gozag_breadcrumbs,
          nicolae_overflow_crystal_walls, uniq_pikel, uniq_menkaure
D:7:      layout_basic, kennysheep_vampire_church, nicolae_ossuary_entry_giza
D:8:      layout_rooms, amethyst_overflow_temple_binary, erik_lair_dragon,
          roderic_nine_men_s_morris, uniq_maurice
D:9:      layout_roguey, general_overflow_altar, serial_bayou,
          serial_bayou_pond_b, serial_bayou_ford_a, serial_bayou_shore_a,
          serial_bayou_pond_a, serial_bayou_pond_b, nicolae_underground_beach
D:10:     layout_basic, grunt_qazlal_clouds, erik_orc_1, nrook_mini_backslash,
          uniq_nergalle
D:11:     layout_rooms, chequers_serial_rivers_micro_a
D:12:     minmay_polygon_palace, layout_basic, uniq_nessos, uniq_rupert
Temple:   cyrus_circular_temple

Skill      XL: |  1  2  3  4  5  6  7  8  9 10 11 12 |
---------------+-------------------------------------+-----
Earth Magic    | 4 5 6 7 8 9 10 | 10.7
Conjurations   | 1 3 4 5 6 7 8 9 |  9.0
Spellcasting   | 3 4 5 6 7 8 |  8.2
Fighting       | 2 4 5 6 7 |  7.7
Maces & Flails | 2 3 4 6 7 |  7.0
Armour         | 2 3 5 6 |  6.0
Dodging        | 2 3 4 5 6 |  6.0
Evocations     | 2 3 4 5 6 |  6.2
Fire Magic     | 3 |  3.2
Stealth        | |  2.1
Transmutations | |  0.7

Action                   |  1- 3 |  4- 6 |  7- 9 | 10-12 || total
-------------------------+-------+-------+-------+-------++-------
Melee: Dagger            |    66 |    63 |       |       ||   129
       Unarmed           |     4 |       |       |       ||     4
       Scythe            |       |    34 |    93 |       ||   127
       Dire flail        |       |       |    64 |   536 ||   600
 Cast: Sandblast         |    29 |    13 |    37 |    20 ||    99
       Stone Arrow       |       |     3 |    20 |    27 ||    50
       Lee's Rapid Decon |       |     1 |     9 |    25 ||    35
       Bolt of Magma     |       |       |       |     5 ||     5
Evoke: Wand              |       |     2 |     4 |    11 ||    17
  Use: Scroll            |       |     8 |     4 |     9 ||    21
       Potion            |       |     1 |     1 |     8 ||    10
 Stab: Sleeping          |     3 |     2 |     3 |     3 ||    11
Armor: Robe              |    32 |    50 |   137 |   281 ||   500
       Skin              |       |       |    18 |       ||    18
Dodge: Dodged            |    41 |   101 |   183 |   384 ||   709

Table legend: (Time is in decaauts)
 A = Elapsed time spent in this place.
 B = Non-inter-level travel time spent in this place.
 C = Inter-level travel time spent in this place.
 D = Time resting spent in this place.
 E = Time spent auto-exploring this place.
 F = Levels seen in this place.
 G = Mean time per level.
                   A        B        C        D        E       F      G
               +--------+--------+--------+--------+--------+-----+--------+
         Total |  16074 |  15708 |    366 |   1529 |  11444 |  14 | 1148.1 |
       Dungeon |  15520 |  15169 |    351 |   1273 |  11399 |  12 | 1293.3 |
        Temple |     36 |     21 |     15 |      0 |      7 |   1 |   36.0 |
       Ossuary |    516 |    516 |      0 |    256 |     38 |   1 |  516.0 |
               +--------+--------+--------+--------+--------+-----+--------+

Top non-repeatable levels by time:
     D:4: 2097 daAuts
     D:5: 1672 daAuts
    D:10: 1581 daAuts
     D:9: 1513 daAuts
     D:1: 1378 daAuts
    D:11: 1254 daAuts
     D:2: 1204 daAuts
     D:6: 1138 daAuts
     D:8: 1112 daAuts
     D:3: 961 daAuts
     D:7: 930 daAuts
    D:12: 678 daAuts
 Ossuary: 516 daAuts
  Temple: 36 daAuts
